[Event "Early-Titled-Tuesday-Blitz-October-03-2023"]
[Site "Chess.com"]
[Date "2023.10.03"]
[Round "5"]
[White "ural58"]
[Black "soumeow"]
[Result "1-0"]
[WhiteElo "2519"]
[BlackElo "2291"]
[TimeControl "180+1"]
[EndTime "8:55:10 PDT"]
[Termination "ural58 won on time"]

1. e4 c5 2. b3 Nf6 3. e5 Nd5 4. Nc3 Nxc3 5. dxc3 Nc6 6. Nf3 g6 7. Bc4 Bg7 8. O-O O-O 9. Bf4 a6 10. a4 b6 11. Qd2 Na5 12. Bd5 Ra7 13. c4 Bb7 14.
Rad1 Qc8 15. Bh6 Nc6 16. Qg5 d6 17. exd6 exd6 18. Rfe1 Qd8 19. Qf4 Nd4 20. Bxb7 Rxb7 21. Nxd4 cxd4 22. Bxg7 Kxg7 23. Qxd4+ Qf6 24. Qxf6+ Kxf6 25. Rxd6+ Kg7 26. Kf1 Rc8 27. Re5 b5 28. axb5 axb5 29.
c5 f6 30. Red5 Kh6 31. b4 Ra7 32. Ke2 Ra1 33. Rxf6 Re8+ 34. Kf3 Rc1 35. Rd2 Rb1 36. Rf4 g5 37. Rfd4 1-0

[Event "Early-Titled-Tuesday-Blitz-October-03-2023"]
[Site "Chess.com"]
[Date "2023.10.03"]
[Round "5"]
[White "ActorXu"]
[Black "Wizard_97"]
[Result "1-0"]
[WhiteElo "2724"]
[BlackElo "2535"]
[TimeControl "180+1"]
[EndTime "8:55:11 PDT"]
[Termination "ActorXu won by resignation"]

1. e4 c5 2. Nf3 d6 3. Bb5+ Bd7 4.
Bxd7+ Qxd7 5. c4 g6 6. Nc3 Bg7 7. d4 cxd4 8. Nxd4 Nf6 9. f3 O-O 10. Be3 Rc8 11. b3 Nc6 12. O-O Ne5 13. Rc1 Qd8 14.
Qd2 a6 15. a4 Qa5 16. Rfd1 Rab8 17. Qb2 h5 18. Qf2 Qd8 19. h3 Qf8 20. f4 Nc6 21. Nf3 Nd7 22. e5 Nc5 23. Bxc5 dxc5 24. Ne4 b6 25. g4 hxg4 26. hxg4 Rd8 27. Kg2 Rxd1 28. Rxd1 Rd8 29. Rh1 f5 30. Qh4 fxe4 31. Qh7+ Kf7 32. Ng5+ Ke8 33. Qxg6+ Kd7 34. Ne6 Qe8 35. Rd1+ Nd4 36.
Qf5 Bh8 37. Nxd4+ Kc7 38. Ne6+ Kb7 39. Qxe4+ 1-0

[Event "Early-Titled-Tuesday-Blitz-October-03-2023"]
[Site "Chess.com"]
[Date "2023.10.03"]
[Round "5"]
[White "C_K_G"]
[Black "SAInt_666"]
[Result "0-1"]
[WhiteElo "1888"]
[BlackElo "2649"]
[TimeControl "180+1"]
[EndTime "8:55:11 PDT"]
[Termination "SAInt_666 won on time"]

1. e4 c5 2. Nf3 d6 3. d4 cxd4 4.
Nxd4 Nf6 5. Nc3 Nc6 6. Be2 e5 7. Nb3 Be6 8. Be3 Be7 9. O-O O-O 10. f4 exf4 11. Rxf4 a6 12. a4 Nd7 13. Rf1 Rc8 14. Nd5 Bg5 15. Qd2 Bxe3+ 16. Qxe3 Nce5 17. a5 Rxc2 18.
Rab1 Rc8 19. Rfc1 Bxd5 20. exd5 Qh4 21. Nd4 g6 22. b4 Nf6 23. Bf3 Qxh2+ 24. Kxh2 Nfg4+ 25. Bxg4 Nxg4+ 26. Kg3 Nxe3 27. Kf3 Nxd5 28. Rxc8 Rxc8 29.
b5 Nc3 30. Rb3 Nxb5 31. Nxb5 axb5 32. Rxb5 Rc5 33. Rxb7 Rxa5 34. Rd7 Rf5+ 35. Ke4 d5+ 36. Rxd5 Rxd5 37. Kxd5 Kg7 38. Ke5 h5 39. Ke4 Kf6 40. Kf4 g5+ 41. Ke4 Ke6 42. Kd4 f5 43. Ke3 Ke5 44. Kf3 f4 45. Kf2 Ke4 46. Ke2 h4 47.
Kf2 g4 48. Ke2 g3 49. Kf1 f3 50. gxf3+ Kxf3 51. Kg1 h3 52. Kh1 g2+ 0-1

[Event "Early-Titled-Tuesday-Blitz-October-03-2023"]
[Site "Chess.com"]
[Date "2023.10.03"]
[Round "5"]
[White "Alexandr_Predke"]
[Black "ozates"]
[Result "1-0"]
[WhiteElo "2868"]
[BlackElo "2628"]
[TimeControl "180+1"]
[EndTime "8:55:13 PDT"]
[Termination "Alexandr_Predke won by resignation"]

1. d4 Nf6 2. Nf3 d5 3. c3 Bf5 4.
Qb3 Qc8 5. Bg5 e6 6. Bxf6 gxf6 7. e3 a6 8. c4 c6 9. Nc3 b5 10. cxd5 cxd5 11. Rc1 Qb7 12. Be2 Rg8 13. Nh4 Bg6 14. O-O Nd7 15. Nxg6 hxg6 16. e4 dxe4 17. Nxe4 Rd8 18.
Bf3 Qb8 19. Rfe1 Rh8 20. g3 Be7 21. Rc6 Nb6 22. Nxf6+ Bxf6 23. Rcxe6+ Kf8 24. Rxf6 Nc4 25. d5 Ne5 26. Qc3 Re8 27. Kg2 Kg7 28. Rc6 f6 29. Rc7+ Kg8 30. d6 Nxf3 31. Qb3+ 1-0

[Event "Early-Titled-Tuesday-Blitz-October-03-2023"]
[Site "Chess.com"]
[Date "2023.10.03"]
[Round "5"]
[White "N4700000"]
[Black "Martial2008"]
[Result "0-1"]
[WhiteElo "2408"]
[BlackElo "2601"]
[TimeControl "180+1"]
[EndTime "8:55:17 PDT"]
[Termination "Martial2008 won by resignation"]

1. e4 e5 2. Nf3 Nf6 3. Nc3 Bc5 4. Nxe5 Nc6 5. Nf3 d6 6. d4 Bb4 7. Bd3 O-O 8. O-O Bg4 9. Be3 Re8 10. h3 Bh5 11.
Nd5 Nxe4 12. Nxb4 Nxb4 13. Be2 Nd5 14. Bc1 Qf6 15. Bd3 Nf4 16. Bxf4 Qxf4 17. Bxe4 Rxe4 18. c3 Rae8 19. Qd3 Bxf3 20. Qxf3 Qxf3 21. gxf3 Re2 22. Rab1 d5 23. Rfd1 Rc2 24. Rdc1 Ree2 25. Rxc2 Rxc2 26. Kf1 Kf8 27. a4 a5 28. f4 g6 29. Kg2 Kg7 30. Kf3 Kf6 31. Ke3 h5 32. Kf3 Kf5 33. Ke3 c6 34.
Kf3 b5 35. axb5 cxb5 36. Ke3 Ke6 37. Kf3 Kd6 38. Ke3 Kc6 39. Kf3 b4 40. cxb4 axb4 41. Ke3 b3 42. Kf3 Kb5 43. Re1 Rxb2 44. Re7 Rd2 45.
Rxf7 b2 46. Rb7+ Kc4 47. Ke3 Rd3+ 48. Ke2 Rb3 0-1

[Event "Early-Titled-Tuesday-Blitz-October-03-2023"]
[Site "Chess.com"]
[Date "2023.10.03"]
[Round "5"]
[White "a-z30"]
[Black "DarZay"]
[Result "1/2-1/2"]
[WhiteElo "2507"]
[BlackElo "2223"]
[TimeControl "180+1"]
[EndTime "8:55:17 PDT"]
[Termination "Game drawn by repetition"]

1. d3 d5 2. Nf3 Nf6 3. g3 c5 4. Bg2 Nc6 5. O-O e5 6. c4 d4 7. e3 Be7 8. a3 Bg4 9. Qb3 Qc7 10. exd4 Bxf3 11. Bxf3 Nxd4 12. Qd1 Rd8 13. Bg2 O-O 14.
Nc3 Qd7 15. Bg5 h6 16. Bxf6 Bxf6 17. Nd5 Bg5 18. b4 b6 19. Re1 Rfe8 20. h4 Be7 21. Rxe5 Bd6 22. Re4 f5 23. Rxe8+ Rxe8 24. Qh5 Ne2+ 25.
Kh1 f4 26. gxf4 Nxf4 27. Rg1 Nxg2 28. Kxg2 Re5 29. Qg6 Rg5+ 30. hxg5 Qg4+ 31. Kf1 Qd1+ 32.
Kg2 Qg4+ 33. Kf1 Qd1+ 34. Kg2 Qg4+ 1/2-1/2

[Event "Early-Titled-Tuesday-Blitz-October-03-2023"]
[Site "Chess.com"]
[Date "2023.10.03"]
[Round "5"]
[White "JoakimVonAnd"]
[Black "Aariow"]
[Result "1-0"]
[WhiteElo "2740"]
[BlackElo "2496"]
[TimeControl "180+1"]
[EndTime "8:55:19 PDT"]
[Termination "JoakimVonAnd won on time"]

1. c4 e6 2. g3 d5 3. Bg2 Nf6 4.
Nf3 Be7 5. O-O O-O 6. b3 b6 7. d4 Bb7 8. Nc3 c5 9. cxd5 exd5 10. Bb2 Nc6 11. Rc1 Rc8 12. Re1 Re8 13. dxc5 bxc5 14.
Na4 Qa5 15. Qd2 Qb5 16. Nc3 Qa6 17. Na4 Qb5 18. e3 Ne4 19. Qe2 Qa5 20. Nc3 Nb4 21.
Qd1 Bf6 22. a3 Nxc3 23. Bxc3 Bxc3 24. Rxc3 Qxa3 25. Qd2 d4 26. exd4 cxd4 27. Rxc8 Rxc8 28. Nxd4 Bxg2 29. Kxg2 Qa5 30. Nf3 h6 31. Re7 Rb8 32. Qf4 Rf8 33. Qd4 Nc6 34. b4 Qb5 35. Qd7 1-0

[Event "Early-Titled-Tuesday-Blitz-October-03-2023"]
[Site "Chess.com"]
[Date "2023.10.03"]
[Round "5"]
[White "themind1hunter"]
[Black "Korchmar_Vasiliy"]
[Result "0-1"]
[WhiteElo "2541"]
[BlackElo "2684"]
[TimeControl "180+1"]
[EndTime "8:55:20 PDT"]
[Termination "Korchmar_Vasiliy won by resignation"]

1. e4 c5 2. Nf3 d6 3. d4 cxd4 4. Nxd4 Nf6 5. Nc3 Nc6 6. f3 e5 7. Nb3 Be7 8. Be3 O-O 9. Qd2 Be6 10. O-O-O a5 11. a4 Nb4 12. Kb1 Rc8 13. g4 d5 14.
g5 d4 15. gxf6 Bxf6 16. Nxd4 exd4 17. Bxd4 Bxd4 18. Qxd4 Qc7 19. Bb5 Rfd8 20. Qf2 Qf4 21. Qg3 Qe3 22. Qc7 Rf8 23. Qxa5 Qc5 24. Nd5 Bxd5 25. exd5 Qxc2+ 26. Ka1 Qb3 0-1

[Event "Early-Titled-Tuesday-Blitz-October-03-2023"]
[Site "Chess.com"]
[Date "2023.10.03"]
[Round "5"]
[White "Dr_crypt"]
[Black "erugee"]
[Result "1-0"]
[WhiteElo "2425"]
[BlackElo "2254"]
[TimeControl "180+1"]
[EndTime "8:55:20 PDT"]
[Termination "Dr_crypt won on time"]

1. d4 d5 2. c4 e5 3. e3 exd4 4. Qxd4 dxc4 5. Qxd8+ Kxd8 6. Bxc4 Ke8 7. Nc3 c6 8. Nf3 Nd7 9. Bd2 h6 10. O-O-O Nb6 11.
Bb3 Be6 12. Bxe6 fxe6 13. Ne4 Nf6 14. Nxf6+ gxf6 15. e4 Bc5 16. Be1 Rd8 17. Rxd8+ Kxd8 18. h4 Rg8 19. g3 Rg4 20. Nd2 Bb4 21. f3 Rg7 22. g4 Rd7 23. h5 Rd3 24. Rh3 Re3 25. Kd1 Na4 26. Bh4 Nxb2+ 27. Kc2 Ke7 28. e5 Rxe5 29. Ne4 Rxe4 30. fxe4 Na4 31. Kb3 Nc5+ 32. Kxb4 Nxe4 33. Kc4 b5+ 34. Kd4 1-0

[Event "Early-Titled-Tuesday-Blitz-October-03-2023"]
[Site "Chess.com"]
[Date "2023.10.03"]
[Round "5"]
[White "profedechess93"]
[Black "verrbaa"]
[Result "0-1"]
[WhiteElo "2633"]
[BlackElo "2472"]
[TimeControl "180+1"]
[EndTime "8:55:22 PDT"]
[Termination "verrbaa won by checkmate"]

1. e4 e5 2. Nf3 Nc6 3. Bc4 Nf6 4.
d3 Be7 5. c3 O-O 6. Bb3 d5 7. Qe2 Re8 8. Nbd2 Bf8 9. Nf1 h6 10.
Ng3 a5 11. Ba4 Bd7 12. Bc2 dxe4 13. dxe4 Bd6 14. h3 Ne7 15. Nh4 Ng6 16. Nhf5 Bf8 17. O-O c6 18. Rd1 Qc7 19. Qf3 Nf4 20. Be3 g6 21.
Nh4 Bg7 22. Bc5 Nh7 23. Qe3 Ng5 24. Nf3 Qc8 25. Nxg5 hxg5 26. Nf1 Be6 27. Nh2 g4 28. h4 Bh6 29. Kh1 Kg7 30. Qe1 Nh5 31. g3 g5 32. Bb6 gxh4 33. gxh4 Bf4 34. Qe2 Kh8 35. Rd6 Rg8 36. Rad1 Qf8 37. Rd8 Qe7 38. Rxa8 Rxa8 39.
Qd3 Qxh4 40. Bd8 Qxh2# 0-1

[Event "Early-Titled-Tuesday-Blitz-October-03-2023"]
[Site "Chess.com"]
[Date "2023.10.03"]
[Round "5"]
[White "grandemestregringo"]
[Black "EvgenyBurmakin"]
[Result "1-0"]
[WhiteElo "2541"]
[BlackElo "2343"]
[TimeControl "180+1"]
[EndTime "8:55:22 PDT"]
[Termination "grandemestregringo won by resignation"]

1. e4 c5 2. Nf3 d6 3. d4 cxd4 4. Nxd4 Nf6 5. Nc3 e6 6. g4 Be7 7. g5 Nfd7 8. f4 Nc6 9. Be3 Nxd4 10. Qxd4 e5 11. Qd2 exf4 12. Bxf4 Ne5 13. O-O-O O-O 14. Nd5 Be6 15. Nxe7+ Qxe7 16. Qxd6 Qxd6 17. Rxd6 Ng6 18. Bg3 Rac8 19. b3 Rc5 20. h4 Rfc8 21. Bd3 Ne5 22. Bxe5 Rxe5 23. Kd2 Kf8 24. Ke3 Ke7 25. Rd4 Ra5 26. a4 Rac5 27. b4 Rc3 28. h5 Ra3 29. a5 Rxc2 30. h6 g6 31. Ra1 Rxa1 32. Bxc2 Rg1 33.
Kf4 Rf1+ 34. Ke3 Rg1 35. Bd3 Rxg5 36. Bc4 Rg3+ 37. Kf4 Rg4+ 38. Kf3 Rh4 39. Bxe6 fxe6 40. Rc4 Kd6 41. e5+ Kxe5 42. Rxh4 Kf5 43. Rf4+ 1-0

[Event "Early-Titled-Tuesday-Blitz-October-03-2023"]
[Site "Chess.com"]
[Date "2023.10.03"]
[Round "5"]
[White "APOKALIPSA13"]
[Black "Guzman70"]
[Result "0-1"]
[WhiteElo "2167"]
[BlackElo "2302"]
[TimeControl "180+1"]
[EndTime "8:55:24 PDT"]
[Termination "Guzman70 won on time"]

1. e4 e6 2. d4 d5 3. exd5 exd5 4.
c4 Nf6 5. Nc3 Bb4 6. c5 O-O 7.
Bd3 Nc6 8. Ne2 Bg4 9. f3 Bh5 10. O-O b6 11. cxb6 axb6 12. Bg5 Be7 13. Rc1 Bg6 14.
Nf4 Bxd3 15. Qxd3 Nxd4 16. Bxf6 Bxf6 17. Ncxd5 c5 18. b4 Rxa2 19. bxc5 bxc5 20. Rxc5 Ne6 21. Nxf6+ Qxf6 22. Rf5 Nxf4 23. Qe4 Ne2+ 24. Kh1 Qh6 25. Qe5 Qe6 26. Qc5 Rc8 27. Qe5 Qxe5 28. Rxe5 f6 29. Re7 Nf4 30. Rfe1 Nxg2 31. Rg1 Rcc2 32. Rd7 h5 33. h4 Kh8 34. f4 Rf2 35. Rd8+ Kh7 36. Rd7 Kg6 37. Rc7 Kf5 38. Rxg7 Nxh4 39. R7g5+ fxg5 40. Rxg5+ Kxf4 0-1

[Event "Early-Titled-Tuesday-Blitz-October-03-2023"]
[Site "Chess.com"]
[Date "2023.10.03"]
[Round "5"]
[White "esrosenberg"]
[Black "JAN2404"]
[Result "1-0"]
[WhiteElo "2368"]
[BlackElo "2070"]
[TimeControl "180+1"]
[EndTime "8:55:25 PDT"]
[Termination "esrosenberg won on time"]

1. Nf3 c5 2. b4 d5 3. bxc5 Nf6 4. d4 Nc6 5. e3 Bg4 6. Be2 e6 7. O-O Be7 8. Nbd2 O-O 9. c4 h6 10. h3 Bxf3 11. Bxf3 Re8 12. Rb1 Qc7 13. Qa4 Rab8 14.
Ba3 Na5 15. cxd5 Nxd5 16. Rfc1 Nc6 17. Nc4 f5 18. Nd6 Bxd6 19. cxd6 Qf7 20. Bc5 g5 21.
Qd1 b6 22. Bh5 Qf8 23. d7 bxc5 24. dxe8=Q Rxe8 25. Bxe8 Qxe8 26. Rxc5 Qd7 27. Rbc1 Nde7 28. Qa4 Qb7 29. Rxc6 Nxc6 30. Qxc6 1-0

[Event "Early-Titled-Tuesday-Blitz-October-03-2023"]
[Site "Chess.com"]
[Date "2023.10.03"]
[Round "5"]
[White "InitiatingASC"]
[Black "ama18"]
[Result "0-1"]
[WhiteElo "2342"]
[BlackElo "2547"]
[TimeControl "180+1"]
[EndTime "8:55:26 PDT"]
[Termination "ama18 won on time"]

1. d4 Nf6 2. c4 e6 3. Nc3 Bb4 4. Nf3 b6 5. g3 Bb7 6. Bg2 O-O 7. O-O Bxc3 8. bxc3 Be4 9. Ne1 Bxg2 10.
Nxg2 d6 11. Bg5 Nc6 12. e4 h6 13. Bxf6 Qxf6 14. Ne3 Na5 15. Rb1 Qe7 16. Qa4 f5 17.
exf5 exf5 18. Rfe1 Qf7 19. Nd5 Rae8 20. Ne3 f4 21.
gxf4 Qxf4 22. Qc2 Qg5+ 23. Kh1 Nxc4 24. Qb3 Rxf2 25. Qxc4+ Kh8 26. Qc6 Rxe3 27. Rxe3 Qxe3 28. Rg1 Qf3+ 29. Qxf3 Rxf3 30. Rg3 Rf2 0-1

[Event "Early-Titled-Tuesday-Blitz-October-03-2023"]
[Site "Chess.com"]
[Date "2023.10.03"]
[Round "5"]
[White "CrushingKings"]
[Black "Nekoo04"]
[Result "0-1"]
[WhiteElo "2503"]
[BlackElo "2319"]
[TimeControl "180+1"]
[EndTime "8:55:26 PDT"]
[Termination "Nekoo04 won on time"]

1. Nf3 d5 2. g3 Nf6 3. Bg2 e6 4. O-O Be7 5. c4 O-O 6. b3 c5 7. cxd5 exd5 8. d4 Nc6 9. Bb2 Be6 10. Nc3 Rc8 11. Rc1 b6 12. h3 Qd7 13. Kh2 Ne4 14. Nxe4 dxe4 15. Ne5 Nxe5 16. dxe5 Rcd8 17. Qxd7 Rxd7 18.
Bxe4 Rd2 19. Rc2 Rfd8 20. Rfc1 c4 21. bxc4 Bc5 22. Kg2 Bxc4 23. Bd3 Rxc2 24. Bxc2 Rd2 0-1

[Event "Early-Titled-Tuesday-Blitz-October-03-2023"]
[Site "Chess.com"]
[Date "2023.10.03"]
[Round "5"]
[White "Brave_spirit12"]
[Black "Djager97"]
[Result "1-0"]
[WhiteElo "2763"]
[BlackElo "2590"]
[TimeControl "180+1"]
[EndTime "8:55:27 PDT"]
[Termination "Brave_spirit12 won on time"]

1. e4 e5 2. Nf3 Nc6 3. Bb5 a6 4. Ba4 Nf6 5. Nc3 b5 6. Bb3 Be7 7. d3 d6 8. a4 b4 9. Nd5 Na5 10. Nxb4 Nxb3 11. cxb3 Bd7 12. Bg5 c6 13. Rc1 Qb6 14. Na2 a5 15. O-O Rb8 16. Rc3 h6 17.
Bxf6 Bxf6 18. Qc2 O-O 19. Nd2 d5 20. exd5 cxd5 21. Rc5 Rfc8 22. Rc1 Bg5 23. Rxc8+ Rxc8 24. Qd1 Rxc1 25. Qxc1 Bxd2 26. Qxd2 Qxb3 27. Nc3 d4 28. Ne4 Qxa4 29. h3 Qb4 30. Qc1 Bf5 31. Nc5 Kh7 32. g4 Bg6 33. Nd7 Qd6 34. Qc8 e4 35.
Nf8+ Kg8 36. Nxg6+ Kh7 37. Nf8+ Kg8 38. Nd7+ Kh7 39.
Nc5 e3 40. Qf5+ Kg8 41. Ne4 Qb4 42. fxe3 Qe1+ 43. Kg2 1-0

[Event "Early-Titled-Tuesday-Blitz-October-03-2023"]
[Site "Chess.com"]
[Date "2023.10.03"]
[Round "5"]
[White "Elprofessor21"]
[Black "Denis_Makhnyov"]
[Result "1-0"]
[WhiteElo "2661"]
[BlackElo "2926"]
[TimeControl "180+1"]
[EndTime "8:55:28 PDT"]
[Termination "Elprofessor21 won by checkmate"]

1. Nf3 d5 2. c4 d4 3. g3 Nc6 4. Bg2 e5 5. d3 Bb4+ 6. Nbd2 a5 7. O-O Nf6 8. a3 Be7 9. Qc2 Nd7 10. Ne1 O-O 11. e3 Nc5 12. e4 a4 13. b4 axb3 14. Nxb3 Ra7 15. f4 f5 16. Nxc5 Bxc5 17. exf5 Bxf5 18. Qe2 exf4 19. Bxf4 Kh8 20. Nc2 Bg6 21. Rae1 Na5 22. Be5 Rxf1+ 23. Rxf1 Nc6 24. Bxc6 bxc6 25. Bxg7+ Kg8 26. Qe6+ Kxg7 27. Qe5+ Kh6 28. Qxc5 Rb7 29. Nxd4 Rb2 30. Ne6 Qxd3 31. Qg5# 1-0

[Event "Early-Titled-Tuesday-Blitz-October-03-2023"]
[Site "Chess.com"]
[Date "2023.10.03"]
[Round "5"]
[White "Eagle_2019"]
[Black "arenal72"]
[Result "1-0"]
[WhiteElo "2686"]
[BlackElo "2379"]
[TimeControl "180+1"]
[EndTime "8:55:28 PDT"]
[Termination "Eagle_2019 won by resignation"]

1. d4 d6 2. Nf3 Nf6 3. Bf4 g6 4. e3 Bg7 5. h3 O-O 6. Nbd2 c5 7. c3 Nc6 8. Be2 Be6 9. O-O Qb6 10. Qc1 Rac8 11.
dxc5 dxc5 12. Nc4 Qa6 13. Nfd2 Rfd8 14. Re1 b5 15. Ne5 Nd5 16. Nxc6 Qxc6 17. Bg3 Nb6 18. Bf3 Qd7 19. Rd1 h6 20. Nb3 Qe8 21. Rxd8 Qxd8 22. Bb7 Bd5 23. Bxc8 Qxc8 24. Nd2 f5 25. Qc2 e5 26. e4 Bc6 27. exf5 gxf5 28. Re1 f4 29. Bh4 Qe6 30. Ne4 Nd7 31. f3 Bf8 32. Rd1 h5 33.
Ng5 Qh6 34. Qf5 Qg7 35. Ne6 Qf7 36. Qg5+ Kh7 37. Nd8 1-0

[Event "Early-Titled-Tuesday-Blitz-October-03-2023"]
[Site "Chess.com"]
[Date "2023.10.03"]
[Round "5"]
[White "dadice10"]
[Black "AEMEffi"]
[Result "1/2-1/2"]
[WhiteElo "2168"]
[BlackElo "2384"]
[TimeControl "180+1"]
[EndTime "8:55:29 PDT"]
[Termination "Game drawn by repetition"]

1. e4 e5 2. Nf3 Nc6 3. d4 exd4 4. Nxd4 Nf6 5. Nxc6 bxc6 6. e5 Qe7 7. Qe2 Nd5 8. c4 Nb6 9. Nc3 Bb7 10. Bd2 O-O-O 11. O-O-O f6 12. exf6 gxf6 13. Qxe7 Bxe7 14. Bd3 Bc5 15.
Ne4 Bd4 16. Bc3 Bxc3 17. Nxc3 d5 18. c5 Nd7 19. b4 Rde8 20. Ne2 Rhg8 21. g3 Rg4 22. a3 a5 23. bxa5 Ra4 24. Kb2 Rxa5 25. Rhe1 Nxc5 26. Bxh7 Na4+ 27. Kc2 c5 28. Bf5+ Kb8 29.
Bd7 Re4 30. Bxa4 Raxa4 31. Nc3 Rxe1 32. Rxe1 Rxa3 33. Re8+ Bc8 34. Nxd5 Rf3 35. Ne7 Rxf2+ 36. Kc3 Rxh2 37. Nxc8 Kb7 38. Ne7 Re2 39. Kd3 Re5 40.
g4 c4+ 41. Kd4 Re1 42. Kxc4 Re4+ 43. Kd5 Rxg4 44. Ke6 Re4+ 45. Kxf6 Re1 46. Rd8 Rf1+ 47. Ke6 Re1+ 48. Kf6 Rf1+ 49. Ke6 Re1+ 50. Kf6 1/2-1/2

[Event "Early-Titled-Tuesday-Blitz-October-03-2023"]
[Site "Chess.com"]
[Date "2023.10.03"]
[Round "5"]
[White "Malysch"]
[Black "Javylavilla"]
[Result "1-0"]
[WhiteElo "2567"]
[BlackElo "2366"]
[TimeControl "180+1"]
[EndTime "8:55:30 PDT"]
[Termination "Malysch won by resignation"]

1. d4 Nf6 2. c4 c5 3. d5 b5 4.
cxb5 a6 5. bxa6 g6 6. Nc3 Bg7 7. Nf3 O-O 8. a7 Rxa7 9. e4 Qa5 10. Bd2 Ba6 11. Nb5 Qb6 12. Nxa7 Qxa7 13. Qc2 e6 14. dxe6 fxe6 15. Bd3 d5 16. exd5 exd5 17. O-O c4 18. Be2 Ne4 19. Be3 Qe7 20. Rad1 Bb7 21. Rfe1 Nc6 22.
Bxc4 dxc4 23. Qxc4+ Kh8 24. Bg5 Nxg5 25. Rxe7 Nxf3+ 26. gxf3 Nxe7 27. Rd7 Rc8 28. Qf7 Bxf3 29. Qxf3 Nf5 30. b4 Rc1+ 31. Rd1 Rc3 32. Qa8+ 1-0

[Event "Early-Titled-Tuesday-Blitz-October-03-2023"]
[Site "Chess.com"]
[Date "2023.10.03"]
[Round "5"]
[White "jaskol95"]
[Black "ljuks68"]
[Result "1-0"]
[WhiteElo "2624"]
[BlackElo "2433"]
[TimeControl "180+1"]
[EndTime "8:55:35 PDT"]
[Termination "jaskol95 won by resignation"]

1. d4 d5 2. Nc3 Nf6 3. Bf4 a6 4. e3 c5 5. dxc5 Nc6 6. Nf3 e6 7. Na4 Bd7 8. c3 Nh5 9. b4 Nxf4 10. exf4 Qf6 11. Qd2 Rd8 12. Nb6 g6 13. Be2 Bg7 14. Rc1 O-O 15. O-O h6 16. g3 Rfe8 17. Rfe1 Ne7 18.
Ne5 Bc8 19. a4 Nf5 20. Bf3 g5 21. Bh5 d4 22. Bxf7+ Kf8 23. Bxe8 Kxe8 24. Rcd1 dxc3 25. Qxc3 Rxd1 26. Rxd1 gxf4 27. Nxc8 Qxe5 28. Qxe5 Bxe5 29. g4 Nd4 30. Rxd4 Bxd4 31. Nd6+ Kd7 32. Nxb7 Bc3 33.
b5 axb5 34. axb5 e5 35. c6+ Kc7 36. Nc5 Kb6 37. Na4+ 1-0

[Event "Early-Titled-Tuesday-Blitz-October-03-2023"]
[Site "Chess.com"]
[Date "2023.10.03"]
[Round "5"]
[White "Vaathi_Coming"]
[Black "Beca95"]
[Result "1-0"]
[WhiteElo "2885"]
[BlackElo "3016"]
[TimeControl "180+1"]
[EndTime "8:55:36 PDT"]
[Termination "Vaathi_Coming won by resignation"]

1. Nf3 c5 2. e3 g6 3. d4 Bg7 4. c4 Nf6 5. d5 O-O 6. Nc3 d6 7. Be2 e6 8. e4 exd5 9. cxd5 Re8 10. Nd2 Nbd7 11. O-O Ne5 12. a4 g5 13. Ra3 h6 14.
Re1 a6 15. Nf1 Rb8 16. a5 Ng6 17. f3 Bd7 18. Ne3 Nh5 19. Bf1 Bd4 20. Ne2 Bg7 21. Ng3 Nxg3 22. hxg3 Bd4 23. Kh2 Qf6 24. Nc4 Bb5 25.
Nb6 Re7 26. Rb3 Bxf1 27. Rxf1 h5 28. f4 g4 29. e5 dxe5 30. f5 Nf4 31. d6 c4 32.
dxe7 Qxe7 33. Nxc4 Rd8 34. Qe1 Nd5 35. f6 Qe6 36. Qd2 Nf4 37. Qc2 Rc8 38. Rxb7 Ng6 39.
b3 h4 40. Qf5 hxg3+ 41. Kxg3 Qd5 42. Qxg6+ fxg6 43. f7+ Kh8 44. f8=Q+ Rxf8 45. Rxf8+ Qg8 46. Rxg8+ 1-0

[Event "Early-Titled-Tuesday-Blitz-October-03-2023"]
[Site "Chess.com"]
[Date "2023.10.03"]
[Round "5"]
[White "jasonbolivar"]
[Black "Henryk_S"]
[Result "0-1"]
[WhiteElo "2232"]
[BlackElo "2148"]
[TimeControl "180+1"]
[EndTime "8:55:36 PDT"]
[Termination "Henryk_S won on time"]

1. e4 e6 2. d4 d5 3. Nc3 Nf6 4. Bg5 Be7 5. e5 Nfd7 6. h4 a6 7. Nce2 c5 8. c3 Nc6 9. Nf3 h6 10.
Bxe7 Qxe7 11. Qd2 b5 12. Nf4 cxd4 13. cxd4 Qb4 14. a3 Qxd2+ 15. Kxd2 Na5 16. Ke3 Nb6 17. Nd2 Nac4+ 18. Bxc4 dxc4 19. Ne4 Ke7 20. Nd6 Bd7 21. g4 Bc6 22. f3 Nd5+ 23. Nxd5+ Bxd5 24. Ne4 a5 25.
Rhc1 Rab8 26. Nc3 Rhc8 27. h5 Rc7 28. f4 b4 29. axb4 axb4 30. Nxd5+ exd5 31. Ra5 Rd7 32. f5 Rb6 33. Rca1 c3 0-1

[Event "Early-Titled-Tuesday-Blitz-October-03-2023"]
[Site "Chess.com"]
[Date "2023.10.03"]
[Round "5"]
[White "Juicy_Fork"]
[Black "Xqswdc"]
[Result "0-1"]
[WhiteElo "2451"]
[BlackElo "2319"]
[TimeControl "180+1"]
[EndTime "8:55:37 PDT"]
[Termination "Xqswdc won on time"]

1. e4 g6 2. d4 Bg7 3. Nc3 c6 4. Be3 d5 5. e5 Nh6 6. f3 Nf5 7. Bf2 h5 8. Bd3 h4 9. Nh3 Na6 10.
Bxa6 bxa6 11. Qe2 Rb8 12. b3 Qa5 13. Qd3 c5 14. O-O cxd4 15. Ne2 Ne3 16. Bxe3 dxe3 17. Qxe3 Bxh3 18. gxh3 e6 19. Nf4 Bh6 20. Qxa7 O-O 21. Nd3 Rb6 22. b4 Qb5 23. Qc7 Rc6 24. Qd7 Qb6+ 25.
Nc5 Be3+ 26. Kh1 Bxc5 27. bxc5 Qxc5 28. Rac1 Qc3 29. Rf2 Qe3 30. Qxc6 Qxc1+ 31. Kg2 Qg5+ 32. Kh1 Qxe5 33. Qxa6 Rb8 34. Qd3 Qa1+ 35. Rf1 Rb1 36. Rxb1 Qxb1+ 37. Kg2 Qxa2 0-1

[Event "Early-Titled-Tuesday-Blitz-October-03-2023"]
[Site "Chess.com"]
[Date "2023.10.03"]
[Round "5"]
[White "MikeSailer"]
[Black "nitpicker"]
[Result "1/2-1/2"]
[WhiteElo "2149"]
[BlackElo "2244"]
[TimeControl "180+1"]
[EndTime "8:55:39 PDT"]
[Termination "Game drawn by repetition"]

1. d4 Nf6 2. Bf4 b6 3. e3 Bb7 4. Nf3 e6 5. c4 d6 6. Nc3 g6 7. Be2 Bg7 8. O-O Nbd7 9. h3 O-O 10. a4 Qe7 11. a5 e5 12. Bh2 a6 13. axb6 cxb6 14. Re1 Ne4 15. Nxe4 Bxe4 16. Nd2 Bb7 17. Nb1 Rfe8 18. Nc3 Qg5 19. Bf3 Bxf3 20. Qxf3 exd4 21. exd4 Bxd4 22. Bxd6 a5 23. Rad1 Bg7 24. Ne4 Qf5 25. Qxf5 gxf5 26. Ng3 Bxb2 27. Nxf5 a4 28. Ne7+ Kg7 29.
Rd3 h6 30. Rg3+ Kh7 31. Rf3 Kg7 32. Rg3+ Kh7 33. Rf3 Kg7 34. Rg3+ 1/2-1/2

[Event "Early-Titled-Tuesday-Blitz-October-03-2023"]
[Site "Chess.com"]
[Date "2023.10.03"]
[Round "5"]
[White "lefonghua"]
[Black "Aleksandar-Topalov"]
[Result "1-0"]
[WhiteElo "2588"]
[BlackElo "2409"]
[TimeControl "180+1"]
[EndTime "8:55:40 PDT"]
[Termination "lefonghua won by resignation"]

1. d4 e6 2. c4 f5 3. g3 Nf6 4. Bg2 Be7 5. Nc3 O-O 6. Nf3 d6 7. O-O Ne4 8. Qc2 Nxc3 9. Qxc3 a5 10. b3 Bf6 11. Bb2 Nc6 12. Rad1 Qe8 13. Qc1 e5 14. dxe5 dxe5 15. a3 Be6 16. Rfe1 Qg6 17. Qa1 e4 18. Nd4 Nxd4 19. Bxd4 a4 20. Qc3 axb3 21.
Qxb3 b6 22. f3 Bxd4+ 23. Rxd4 Qf6 24. Red1 exf3 25. Bxf3 Ra5 26. Qe3 Re5 27. Qf4 g5 28. Qd2 Re8 29. Kf2 g4 30. Bc6 Rf8 31. Bd5 f4 32.
Rxf4 Rf5 33. e3 Bxd5 34. cxd5 Qe5 35. Qd4 Rxf4+ 36. exf4 Qh5 37. Kg1 Re8 38. Qc4 Qf5 39. d6+ Kg7 40. dxc7 Rc8 41. Qd4+ Kh6 42. Qd6+ Kh5 43.
Rd5 1-0

[Event "Early-Titled-Tuesday-Blitz-October-03-2023"]
[Site "Chess.com"]
[Date "2023.10.03"]
[Round "5"]
[White "Hikaru"]
[Black "nrvignesh"]
[Result "1-0"]
[WhiteElo "3260"]
[BlackElo "2832"]
[TimeControl "180+1"]
[EndTime "8:55:41 PDT"]
[Termination "Hikaru won by resignation"]

1. a3 a5 2. e4 e6 3. Nc3 d5 4. d4 dxe4 5. Nxe4 Nd7 6. Nf3 Ngf6 7. Nxf6+ Nxf6 8. Bd3 c5 9. Be3 cxd4 10. Bxd4 Be7 11. Qe2 Bd7 12. Ne5 Bc6 13. Nxc6 bxc6 14. Be5 O-O 15. Rd1 Qb6 16. O-O Rfd8 17. a4 g6 18.
b3 Nd7 19. Bf4 Bf6 20. Be4 Bg7 21. Rd6 Nc5 22. Bxc6 Rxd6 23. Bxa8 Rd8 24. Bf3 Qb4 25. Be3 Ne4 26. Rd1 Rxd1+ 27. Qxd1 Nc3 28. Qd8+ Bf8 29.
Bh6 Qe7 30. Qa8 f5 31. Bxf8 Qxf8 32. Qxa5 Qc8 33. Qe5 Kf7 34. a5 Na2 35. c4 Nb4 36.
Qd6 Na6 37. h4 1-0